 Dungeon Crawl Stone Soup version 0.22-a0-433-gd2a9cce0b5 (webtiles) character file.

48 Winged the Slasher (level 4, 0/35 HPs)
             Began as a Human Berserker on May 29, 2018.
             Slain by a polar bear (7 damage)
             ... created by the rage of Trog
             ... on level 2 of the Dungeon.
             The game lasted 00:37:34 (1643 turns).

Winged the Slasher (Human Berserker)                Turns: 1643, Time: 00:37:34

Health: 0/35       AC:  9    Str: 15 (18) XL:     4   Next: 0%
Magic:  4/4        EV:  7    Int:  7      God:
Gold:   77         SH:  0    Dex: 13      Spells: 2/3 levels left

rFire    . . .     SeeInvis .   a - +2 falchion
rCold    . . .     Gourm    .   (no shield)
rNeg     . . .     Faith    .   m - +1 chain mail
rPois    +         Spirit   .   (no helmet)
rElec    .         Reflect  .   (no cloak)
rCorr    .         Harm     .   (no gloves)
MR       .....                  (no boots)
Stlth    ..........             (no amulet)
HPRegen  0.11/turn              i - ring of poison resistance
MPRegen  0.09/turn              (no ring)

@: no status effects
A: no striking features
a: no special abilities


You were on level 2 of the Dungeon.
You were not hungry.

You visited 1 branch of the dungeon, and saw 2 of its levels.

You collected 77 gold pieces.

Inventory:

Hand Weapons
 a - a +2 falchion (weapon)
 e - a cursed -1 whip
 g - a +0 club
 k - a +4 spear
 l - a +0 hand axe
 o - a +0 short sword
 p - a +0 dagger
 q - a +0 whip
 s - a +0 falchion
Missiles
 d - 23 sling bullets
Armour
 b - a +0 animal skin
 m - a +1 chain mail (worn)
 n - a -1 pair of boots
 u - a +0 robe
Jewellery
 i - a ring of poison resistance (left hand)
Scrolls
 j - a scroll of identify
 r - a scroll of amnesia
 v - a scroll of magic mapping
Potions
 f - a potion of ambrosia {unknown}
 h - a potion of curing {unknown}
Comestibles
 c - 4 rations
 t - 2 chunks of flesh


   Skills:
 + Level 3.5 Fighting
 + Level 3.5 Long Blades
 * Level 2.4 Armour
 + Level 2.3 Dodging
 + Level 0.1 Stealth


You had 2 spell levels left.
You knew the following spells:

 Your Spells              Type           Power        Failure   Level  Hunger
a - Confusing Touch       Hex            #.....       100%        1    ##.....

Your spell library contained the following spells:

 Spells                   Type           Power        Failure   Level  Hunger
 Confuse                  Hex            #.......     100%        3    ####...
 Metabolic Englaciation   Hex/Ice        #.........   100%        5    ######.
 Petrify                  Tmut/Erth      #.......     100%        4    #####..
 Gell's Gravitas          Tloc           #.........   100%        3    ####...
 Yara's Violent Unravell  Hex/Tmut       #.........   100%        5    ######.


Dungeon Overview and Level Annotations

Branches:
Dungeon (2/15)

Altars:
Makhleb


Message History

You slash the black bear!
The black bear is lightly wounded.
You hit the black bear.
The black bear is moderately wounded.
The black bear bites you. The black bear claws you.
The black bear claws you but does no damage.
You hit the polar bear but do no damage.
The black bear bites you. The black bear claws you.
The black bear claws you but does no damage.
The black bear bites you. The black bear completely misses you.
The black bear claws you but does no damage.
The polar bear bites you! The polar bear claws you.
* * * LOW HITPOINT WARNING * * *
The polar bear claws you but does no damage.
You hit the polar bear.
The polar bear is lightly wounded.
The black bear barely misses you. x2
The black bear claws you but does no damage.
The polar bear bites you!
You die...

#.#...# *,* #.#
#.#.#.# *,* #.#
#.._..#####.# #.#
##### #.#.#.......#
#.### #...#
##.....###### #....
..#.# #.....# #.###
#>..# ###.#h# #....
##.## #.#h# ####.
#.# #.#@# #. #.#
#.#h# ## #.# #.#h# #
#.# #.#.# #
#.########
#.#.################
#........#
#....)..............
########.#
#.........###.#....#
#.#
#.#.####...##...##.#
#.#
#.#...........####..


You could see a polar bear (berserk) and 3 black bears.

Vanquished Creatures
  2 adders (D:2)
  3 leopard geckos (D:2)
  3 bats
  A giant cockroach (D:1)
  5 goblins
  2 hobgoblins
  2 frilled lizards
  4 kobolds
  5 rats
27 creatures vanquished.

Notes
Turn   | Place    | Note
-------+----------+-------------------------------------------
     0 | D:1      | Winged the Human Berserker began the quest for the Orb.
     0 | D:1      | Reached XP level 1. HP: 18/18 MP: 1/1
    42 | D:1      | Fell from the grace of Trog
   394 | D:1      | Reached XP level 2. HP: 17/24 MP: 2/2
   743 | D:2      | Reached XP level 3. HP: 24/29 MP: 3/3
  1148 | D:2      | Learned a level 1 spell: Confusing Touch
  1433 | D:2      | Found a burning altar of Makhleb.
  1442 | D:2      | Reached XP level 4. HP: 21/35 MP: 4/4
  1640 | D:2      | Noticed a polar bear
  1640 | D:2      | Noticed a black bear
  1640 | D:2      | Noticed a black bear
  1640 | D:2      | Noticed a black bear
  1643 | D:2      | Slain by a polar bear

Vault maps used:
D:1:      minmay_arrival_jagged
D:2:      lemuel_crystal_altar, first_ration

Action                   |  1- 3 |  4- 6 || total
-------------------------+-------+-------++-------
Melee: Falchion          |    98 |     4 ||   102
Invok: Renounce Religion |     1 |       ||     1
  Use: Scroll            |    12 |     1 ||    13
  Eat: Ration            |     1 |       ||     1
Armor: Animal skin       |    16 |       ||    16
       Chain mail        |    30 |     5 ||    35
Dodge: Dodged            |    50 |     3 ||    53
       Rpst.: Falchion   |    15 |       ||    15

Table legend:
 A = Spawn XP
 B = Non-spawn XP
 C = Spawn XP percentage of total XP
 D = Spawn monster count
 E = Non-spawn monster count
 F = Spawn count percentage of total count
 G = Total turns spent on level
                    A         B        C        D         E        F      G
               +---------+---------+-------+---------+---------+-------+---------
         Total |       0 |      69 |   0.0 |       0 |      27 |   0.0 |  1643
               +---------+---------+-------+---------+---------+-------+---------
           D:1 |       0 |      20 |   0.0 |       0 |      13 |   0.0 |   740
           D:2 |       0 |      49 |   0.0 |       0 |      14 |   0.0 |   903
               +---------+---------+-------+---------+---------+-------+---------
